 Dungeon Crawl Stone Soup version 0.32-a0-705-g60f233581c (webtiles) character file.

Game seed: 7283997340186945005

5 smokerry the Grave Robber (level 1, -1/10 HPs)
             Began as a Deep Elf Necromancer on Mar 14, 2024.
             Slain by a goblin
             ... wielding a +3 dagger
              (7 damage)
             ... on level 2 of the Dungeon.
             The game lasted 00:05:31 (383 turns).

smokerry the Grave Robber (Deep Elf Necromancer)     Turns: 383, Time: 00:05:31

Health: -1/10      AC:  2    Str:  5    XL:     1   Next: 66%
Magic:  6/6        EV: 11    Int: 19    God:
Gold:   1          SH:  0    Dex: 15    Spells: 5/6 levels left

rFire   . . .        c - +0 club
rCold   . . .        (no shield)
rNeg    . . .        a - +0 robe
rPois   .            (no helmet)
rElec   .            (no cloak)
rCorr   .            (no gloves)
SInv    .            (no boots)
Will    .....        (no amulet)
Stlth   ++           (no ring)
HPRegen 0.21/turn    (no ring)
MPRegen 0.10/turn

%: no passive effects
@: no status effects
A: no striking features
a: no special abilities


You were on level 2 of the Dungeon.
You visited 1 branch of the dungeon, and saw 2 of its levels.

You collected 1 gold pieces.

Inventory:

Hand Weapons
 c - a +0 club (weapon)
 f - a +0 whip
Armour
 a - a +0 robe (worn)
Scrolls
 d - a scroll of identify {unknown}
Potions
 b - a potion of magic
 e - a potion of might {unknown}


   Skills:
 + Level 2.4 Dodging
 + Level 2.4 Stealth
 + Level 3.0 Spellcasting
 + Level 5.2 Necromancy


You had 5 spell levels left.
You knew the following spells:

 Your Spells              Type           Power      Damage    Failure   Level
a - Necrotise             Necr           88%        1d8       1%          1

Your spell library contained the following spells:

 Spells                   Type           Power      Damage    Failure   Level
 Vampiric Draining        Necr           22%        2d7       5%          3
 Animate Dead             Necr           22%        N/A       19%         4
 Curse of Agony           Necr           22%        N/A       45%         5


Dungeon Overview and Level Annotations

Branches:
Dungeon (2/15)

Altars:


Message History

Unknown command.
c - a +0 club (weapon)
The helpless bat fails to defend itself.
You hit the bat.
The bat is moderately wounded.
The bat closely misses you. The bat barely misses you.
You completely miss the bat.
The bat is moderately wounded.
The bat hits you.
You closely miss the bat. The bat closely misses you.
You completely miss the bat. The bat hits you. The bat misses you.
The bat barely misses you. The bat hits you but does no damage.
You hit the bat but do no damage. The bat barely misses you. The bat hits you.
You barely miss the bat. The bat barely misses you. The bat barely misses you.
The bat barely misses you.
You hit the bat.
The bat is moderately wounded.
The bat misses you.
You barely miss the bat.
The bat is moderately wounded.
The bat hits you. The bat hits you but does no damage. The bat misses you.
The bat hits you but does no damage.
You hit the bat.
You kill the bat!
You see here a bat corpse.
You see here a bat corpse.
You see here a bat corpse.
You see here a bat corpse.
You open the door.
A goblin comes into view. It is wielding a +3 dagger.
The goblin shouts!
There is an open door here.
You closely miss the goblin. The goblin hits you with a +3 dagger.
You hit the goblin.
The goblin is moderately wounded.
The goblin hits you with a +3 dagger!
Ouch! That really hurt!
You die...

......#.# .### #..#.#.#
...# #....#.# ... #
#.#..#.# #+## ...
#.##.#..#.## #...# #.#
#.#........# #..... #.#
#..........##......
#.######.#...##.#.......
............†...@.......
...#####.....##.#g......
...# #....###.##......
...# #..### #.# #.....
#### #..# #.# #...# #
#... ..# #+## # ##.##
### # #.# #


You could see a goblin.

Vanquished Creatures
  A ball python (D:1)
  A bat (D:2)
  2 hobgoblins
4 creatures vanquished.

Notes
Turn   | Place    | Note
-------+----------+-------------------------------------------
     0 | D:1      | smokerry the Deep Elf Necromancer began the quest for the
                  | Orb.
     0 | D:1      | Reached XP level 1. HP: 10/10 MP: 6/6
   217 | D:1      | Reached skill level 5 in Necromancy
   383 | D:2      | Slain by a goblin

Illustrated notes

Levels and vault maps discovered:
D:1:      dpeg_cavernosity, layout_basic, minmay_pentomino_w4
D:2:      layout_loops_corners, minmay_misc_feat_four_crosses, uniq_robin

Skill      XL: |  1 |
---------------+----+-----
Necromancy     | 5 |  5.2
Dodging        | |  2.4
Stealth        | |  2.4
Spellcasting   | |  3.0

Action                     || total
---------------------------++-------
  Melee: Unarmed           ||    36
         Club              ||    11
   Stab: Sleeping          ||     2
 Armour: Robe              ||    16
  Dodge: Dodged            ||    29

Table legend: (Time is in decaauts)
 A = Elapsed time spent in this place.
 B = Non-inter-level travel time spent in this place.
 C = Inter-level travel time spent in this place.
 D = Time resting spent in this place.
 E = Time spent auto-exploring this place.
 F = Levels seen in this place.
 G = Mean time per level.
                   A        B        C        D        E       F      G
               +--------+--------+--------+--------+--------+-----+--------+
         Total |    385 |    112 |    273 |      0 |      0 |   2 |  192.5 |
       Dungeon |    385 |    112 |    273 |      0 |      0 |   2 |  192.5 |
               +--------+--------+--------+--------+--------+-----+--------+

Top non-repeatable levels by time:
     D:1: 235 daAuts
     D:2: 150 daAuts
